Map: 梅迦鎮

Players

getmm

  • Race: Protoss Protoss
  • Spawn Location: 5:00

PitouPitou - Winner!

  • Race: Zerg Zerg
  • Spawn Location: 12:00

VOD

Have the link to the VOD?

Description

Time

  • Played on: April 19, 2016, 8:39 p.m.
  • Length: 6:46
Show
View Real Time Build Order
Export as new Build Order

getmm Protoss 

Build Orders:  

Get SALT Encoding   

  12  0:03  Probe (Chrono Boost)  
  13  0:21  Pylon  
  13  0:43  Gateway  
  13  0:47  Probe (Chrono Boost)  
  14  0:58  Probe (Chrono Boost)  
  15  1:09  Probe (Chrono Boost)  
  15  1:10  Assimilator  
  16  1:18  Assimilator  
  16  1:19  Probe (Chrono Boost)  
  17  1:30  Probe (Chrono Boost)  
  18  1:34  Cybernetics Core  
  18  1:46  Probe (Chrono Boost)  
  19  1:56  Pylon  
  19  1:57  Probe (Chrono Boost)  
  19  1:58  Pylon  
  20  2:01  Pylon  
  20  2:05  Zealot  
  20  2:07  Probe (Chrono Boost)  
  23  2:18  Probe (Chrono Boost)  
  23  2:19  Warp Gate  
  24  2:29  Probe (Chrono Boost)  
  25  2:33  Adept  
  27  3:00  Nexus, Adept  
  28  3:40  Stalker  
  30  3:56  Probe (Chrono Boost)  
  31  4:07  Probe (Chrono Boost)  
  32  4:13  Probe (Chrono Boost)  
  33  4:17  Probe (Chrono Boost)  
  35  4:24  Probe (Chrono Boost)  
  35  4:25  Gateway  
  35  4:28  Gateway, Probe (Chrono Boost)  
  36  4:34  Probe (Chrono Boost)  
  37  4:38  Probe (Chrono Boost)  
  37  4:45  Probe (Chrono Boost)  
  39  4:48  Stalker  
  41  4:55  Probe (Chrono Boost)  
  36  5:18  Adept  
  38  5:45  Adept  
  40  5:51  Assimilator  
  40  5:55  Stalker  
  40  5:56  Stalker, Assimilator  
  42  6:22  Stalker x2, Twilight Council  
Show
View Real Time Build Order
Export as new Build Order

PitouPitou Zerg - Winner!

Build Orders: Pool First 

Get SALT Encoding   

  12  0:09  Overlord  
  12  0:15  Drone  
  12  0:19  Drone  
  14  0:27  Extractor  
  13  0:31  Drone  
  13  0:34  Extractor  
  13  0:36  Overlord  
  13  0:43  Drone  
  14  0:53  Drone  
  15  1:06  Spawning Pool  
  14  1:12  Evolution Chamber  
  14  1:13  Drone  
  14  1:21  Drone  
  14  1:25  Drone  
  16  1:50  Drone  
  16  1:51  Drone  
  18  1:56  Roach Warren  
  18  1:58  Drone  
  18  2:08  Zerg Ground Armor Level 1  
  18  2:20  Metabolic Boost  
  18  2:22  Zergling x2  
  19  2:27  Zergling x2  
  20  2:40  Roach  
  20  2:42  Drone  
  23  2:51  Roach  
  25  3:08  Zergling x2  
  26  3:14  Roach  
  28  3:23  Roach  
  30  3:36  Hatchery  
  30  3:39  Overlord  
  29  3:47  Ravager  
  30  3:49  Overlord  
  30  3:58  Zergling x2  
  31  4:06  Lair  
  31  4:08  Roach  
  33  4:15  Ravager x3  
  36  4:24  Roach  
  38  4:32  Zergling x2  
  39  4:40  Roach  
  39  4:44  Zerg Missile Weapons Level 1  
  41  4:51  Roach  
  42  5:12  Ravager x2  
  42  5:13  Ravager  
  45  5:17  Zergling x4  
  45  5:19  Roach x2  
  51  5:23  Drone  
  52  5:36  Overlord  
  52  5:44  Overlord  
  52  6:00  Drone x2  
  54  6:04  Zergling x2  
  54  6:05  Zergling x4  
Tags
 
Matchup
PvZ
Opening
Pool First
Spawn Locations
Cross Positions
Add a new tag
Caveats
  • Supply blocks, unpowered buildings, or Contaminate may cause inaccurate times.
  • Supply counts are checked every 10 seconds.